 Dungeon Crawl Stone Soup version 0.13-a0-2979-gb6a86b3 (webtiles) character file.

305 NoamChomsky the Slasher (level 5, -9/46 HPs)
             Began as a Minotaur Fighter on Sept 7, 2013.
             Killed by divine providence
             ... invoked by an orc priest
              (16 damage)
             ... on Level 4 of the Dungeon.
             The game lasted 00:17:31 (4235 turns).

NoamChomsky the Slasher (Minotaur Fighter)          Turns: 4235, Time: 00:17:31

HP  -9/46        AC  7     Str 22      XL: 5   Next: 20%
MP   1/1         EV  6     Int  5      God:
Gold 142         SH 20     Dex  9      Spells:  0 memorised,  4 levels left

Res.Fire  : . . .   See Invis. : .   a - +1 falchion
Res.Cold  : . . .   Warding    : .   b - +0 scale mail
Life Prot.: . . .   Conserve   : .   c - +1 shield
Res.Poison: .       Res.Corr.  : .   (helmet restricted)
Res.Elec. : .       Clarity    : .   (no cloak)
Sust.Abil.: . .     Spirit.Shd : .   (no gloves)
Res.Mut.  : .       Stasis     : .   (no boots)
Res.Rott. : .       Flight     : .   (no amulet)
Saprovore : . . .                    (no ring)
                                     h - +1 ring of protection

@: very slightly contaminated, slightly resistant to hostile enchantments,
extremely unstealthy
A: retaliatory headbutt, horns 2
a: no special abilities


You were on level 4 of the Dungeon.
You were not hungry.

You visited 1 branch of the dungeon, and saw 4 of its levels.

You collected 122 gold pieces.

Inventory:

Hand weapons
 a - a +1,+1 falchion (weapon)
Armour
 b - a +0 scale mail (worn)
 c - a +1 shield (worn)
Comestibles
 d - 2 bread rations
 j - a pear
 m - a sausage
 t - a meat ration
Scrolls
 f - a scroll of enchant weapon II
 i - 5 scrolls of identify {unknown}
 n - a scroll of remove curse {unknown}
 o - 2 scrolls of fear {unknown}
 s - a scroll of teleportation {unknown}
Jewellery
 h - a +1 ring of protection (left hand)
 l - an uncursed ring of sustenance {unknown}
Potions
 e - 4 potions of curing
 p - a potion of might {unknown}
 q - a potion of magic {unknown}
 r - a potion of slowing {unknown}
 u - a potion of berserk rage {unknown}


   Skills:
 - Level 3.7 Fighting
 * Level 6.0 Long Blades
 - Level 3.6 Armour
 - Level 2.0 Dodging
 - Level 3.6 Shields


You had 4 spell levels left.
You didn't know any spells.

Dungeon Overview and Level Annotations

Branches:
Dungeon (4/27)
 Temple: D:4-7

Altars:
Kikubaaqudgha


Innate Abilities, Weirdness & Mutations

You reflexively headbutt those who attack you in melee.
You have a pair of horns on your head.


Message History

* * * LOW HITPOINT WARNING * * *
You fade into invisibility!
It was a potion of invisibility.
The orc hits you but does no damage. You block the orc priest's attack.
You are very lightly contaminated with residual magic.
The orc hits you but does no damage.
The orc priest calls down the wrath of Beogh upon the orc.
The orc convulses in agony!
You flicker for a moment.
The orc priest calls down the wrath of Beogh upon the orc.
The orc convulses in agony!
The orc dies!
The orc barely misses you.
You flicker back into view.
The orc priest calls upon Beogh to heal the orc.
The orc's wounds heal themselves!
You block the orc's attack.
The orc priest mumbles some strange prayers to Beogh against you.
Something smites you!
You die...

..> #........ #............
#..............
#............. #............#
. #............###### ...
#..................
#...#####...@<.............
#...%..%.....o..............
#.................o.........
.....####....#######...######
. #....# #)..# #....# #...#
#....# #...# . #....# #o..#
##..####....# #...#


You could see an orc priest and an orc.

Vanquished Creatures
  An orc priest (D:4)
  2 orc wizards (D:4)
  3 adders
  6 giant geckos
  An orc (D:4)
  A ball python (D:2)
  8 bats
  2 giant cockroaches (D:2)
  8 goblins
  4 hobgoblins
  2 jackals (D:1)
  9 kobolds
  A quokka (D:2)
  2 giant newts (D:1)
  A hobgoblin skeleton (D:4)
  7 rats
58 creatures vanquished.

Vanquished Creatures (others)
  Jessica (D:2)
  An orc (D:4)
  A hobgoblin (D:2)
3 creatures vanquished.

Grand Total: 61 creatures vanquished

Notes
Turn   | Place    | Note
--------------------------------------------------------------
     0 | D:1      | NoamChomsky, the Minotaur Fighter, began the quest for the Orb.
     0 | D:1      | Reached XP level 1. HP: 19/19 MP: 0/0
   267 | D:1      | Reached XP level 2. HP: 23/26 MP: 0/0
  1088 | D:1      | Reached skill level 1 in Dodging
  1430 | D:1      | Reached XP level 3. HP: 33/33 MP: 1/1
  1766 | D:2      | Noticed Jessica
  1865 | D:2      | Killed Jessica
  2041 | D:2      | Found an ancient bone altar of Kikubaaqudgha.
  2108 | D:2      | Reached skill level 4 in Long Blades
  3501 | D:3      | Reached XP level 4. HP: 39/39 MP: 1/1
  3937 | D:4      | Reached skill level 5 in Long Blades
  4195 | D:4      | Reached skill level 6 in Long Blades
  4195 | D:4      | Reached XP level 5. HP: 10/46 MP: 1/1
  4235 | D:4      | Killed from afar by an orc priest

Action                   |  1- 3 |  4- 6 || total
-------------------------+-------+-------++-------
Melee: Falchion          |   109 |    45 ||   154
  Use: Scroll            |     6 |     2 ||     8
       Potion            |     3 |     1 ||     4
